 Dungeon Crawl Stone Soup version 0.24-a0-335-g06ca16af6c (webtiles) character file.

Game seed: 10524339970517619446

1419841 Flugkiller the Sensei (level 27, 174/201 HPs)
             Began as an Octopode Summoner on May 17, 2019.
             Was the Champion of Nemelex Xobeh.
             Escaped with the Orb
             ... and 3 runes on May 20, 2019!
             The game lasted 05:29:27 (104223 turns).

Flugkiller the Sensei (Octopode Summoner)         Turns: 104223, Time: 05:29:27

Health: 174/201    AC: 13    Str: 10    XL:     27
Magic:  45/45      EV: 37    Int: 29    God:    Nemelex Xobeh [******]
Gold:   5172       SH: 29    Dex: 32    Spells: 12/42 levels left

rFire    + + .     SeeInvis +     - Unarmed
rCold    + + +     Gourm    .   f - +8 large shield {reflect}
rNeg     + . .     Faith    +   M - +3 hat of Pondering {ponderous, MR+ MP+10 Int+5}
rPois    +         Spirit   .   J - amulet of faith
rElec    +         Reflect  +   c - ring of Qamuall {rElec rPois MR+ Dex+6 Slay+2}
rCorr    .         Harm     .   G - +4 ring of protection
MR       ++++.                  z - ring of protection from fire
Stlth    +++.......             Q - +3 ring of slaying
HPRegen  0.43/turn              k - ring of protection from fire
MPRegen  0.29/turn              p - ring of protection from cold
                                b - ring "Sasiepie" {rC+ rN+ Str-2 Dex+9 SInv}
                                R - ring of the Octopus King {Wiz AC+1 EV+1 Str+1 Int+1 Dex+1}

@: very slightly contaminated, slow
A: almost no armour, stealthy swim, amphibious, 8 rings, constrict 8, fangs 1,
molten scales 1, thin metallic scales 1, camouflage 1, cold resistance 1,
gelatinous body 1, evolution 1, MP-powered wands
0: Orb of Zot
}: 3/15 runes: decaying, abyssal, gossamer
a: Draw Escape, Draw Destruction, Draw Summoning, Triple Draw, Deal Four, Stack
Five, Renounce Religion


You escaped.
You worshipped Nemelex Xobeh.
Nemelex Xobeh was exalted by your worship.
You were not hungry.

You visited 9 branches of the dungeon, and saw 48 of its levels.
You visited the Abyss 2 times.
You also visited: Trove, Gauntlet and Ice Cave.

You collected 9461 gold pieces.
You spent 4289 gold pieces at shops.

Inventory:

Hand Weapons
 a - the +3 sling "Punk" {acid, rCorr}
   (You found it in a Gauntlet)

   It provides partial protection from all sources of acid and corrosion.
Missiles
 i - 3 throwing nets
 j - 20 curare-tipped darts (quivered)
 D - 407 sling bullets
 X - 783 stones
Armour
 f - a +8 large shield of reflection (worn)
   (You bought it in a shop on level 11 of the Dungeon)
 M - the +3 hat of Pondering (worn) {ponderous, MR+ MP+10 Int+5}
   (You found it on level 3 of the Vaults)

   It affects your intelligence (+5).
   It affects your resistance to hostile enchantments.
   It affects your magic capacity (+10).
Jewellery
 b - the ring "Sasiepie" (on tentacle) {rC+ rN+ Str-2 Dex+9 SInv}
   (You found it in a treasure trove)

   [ring of positive energy]

   It affects your strength (-2).
   It affects your dexterity (+9).
   It protects you from cold.
   It protects you from negative energy.
   It lets you see invisible.
 c - the ring of Qamuall (left tentacle) {rElec rPois MR+ Dex+6 Slay+2}
   (You found it in a treasure trove)

   [ring of protection from magic]

   It affects your dexterity (+6).
   It affects your accuracy and damage with ranged weapons and melee attacks
   (+2).
   It insulates you from electricity.
   It protects you from poison.
   It affects your resistance to hostile enchantments.
 k - a ring of protection from fire (on tentacle)
   (You found it in a treasure trove)
 p - a ring of protection from cold (on tentacle)
   (You found it on level 2 of the Abyss)
 v - the ring of Shadows {Umbra +Inv Stlth+}
   (You found it in a treasure trove)

   [ring of stealth]

   It lets you turn invisible.
   It makes you more stealthy.
 z - a ring of protection from fire (on tentacle)
   (You found it on level 2 of the Lair of Beasts)
 G - a +4 ring of protection (right tentacle)
   (You took it off a centaur on level 15 of the Dungeon)
 J - an amulet of faith (around mantle)
   (You bought it in a shop on level 4 of the Dungeon)
 Q - a +3 ring of slaying (on tentacle)
   (You found it on level 6 of the Lair of Beasts)
 R - a ring of the Octopus King (on tentacle) {Wiz AC+1 EV+1 Str+1 Int+1 Dex+1}
   (You bought it in a shop on level 4 of the Dungeon)

   [ring of wizardry]

   It improves your spell success rate.
   It affects your AC (+1).
   It affects your evasion (+1).
   It affects your strength (+1).
   It affects your intelligence (+1).
   It affects your dexterity (+1).
 V - a ring of the Octopus King {rCorr AC+1 EV+1 Str+1 Int+1 Dex+1}
   (You found it on level 6 of the Lair of Beasts)

   [ring of resist corrosion]

   It affects your AC (+1).
   It affects your evasion (+1).
   It affects your strength (+1).
   It affects your intelligence (+1).
   It affects your dexterity (+1).
   It provides partial protection from all sources of acid and corrosion.
Wands
 w - a wand of acid (24)
   (You took it off Ijyb on level 3 of the Dungeon)
 A - a wand of iceblast (17)
   (You found it on level 8 of the Dungeon)
 H - a wand of paralysis (29)
   (You found it on level 5 of the Dungeon)
 K - a wand of digging (11)
   (You found it on level 9 of the Dungeon)
 P - a wand of enslavement (3)
   (You found it on level 2 of the Orcish Mines)
 U - a wand of scattershot (1)
   (You found it on level 2 of the Swamp)
 Y - a wand of disintegration (15)
   (You found it on level 3 of the Realm of Zot)
Scrolls
 d - 4 scrolls of fear
 h - 6 scrolls of immolation
 o - 7 scrolls of teleportation
 r - 2 scrolls of fog
 s - 4 scrolls of blinking
 t - 29 scrolls of identify
 y - 23 scrolls of remove curse
 I - 4 scrolls of magic mapping
 T - a scroll of summoning
Potions
 e - 7 potions of heal wounds
 g - 6 potions of magic
 l - a potion of resistance
 m - 4 potions of ambrosia
 n - 3 potions of invisibility
 q - 8 potions of might
 u - 5 potions of berserk rage
 x - 9 potions of brilliance
 B - 8 potions of haste
 C - 16 potions of curing
 F - 5 potions of lignification
 L - 5 potions of agility
 S - 6 potions of cancellation
Miscellaneous
 W - a lamp of fire
   (You found it on level 6 of the Lair of Beasts)
Comestibles
 E - 34 rations


   Skills:
 + Level 19.8 Fighting
   Level 4.5 Polearms
 - Level 14.0 Slings
 + Level 20.3 Dodging
 - Level 12.0 Stealth
 - Level 18.0 Shields
 * Level 22.0 Unarmed Combat
 - Level 8.0 Spellcasting
 - Level 2.0 Conjurations
 - Level 3.0 Hexes
 - Level 10.9 Summonings
 - Level 5.0 Necromancy
 - Level 3.0 Translocations
 - Level 9.4 Transmutations
 - Level 1.0 Air Magic
 - Level 14.0 Earth Magic
 - Level 11.0 Invocations
 - Level 5.0 Evocations


You had 12 spell levels left.
You knew the following spells:

 Your Spells              Type           Power        Failure   Level  Hunger
a - Lee's Rapid Deconstr  Erth           #######...   1%          5    ####...
e - Summon Lightning Spi  Summ/Air       #####...     4%          4    #......
f - Confusing Touch       Hex            ####..       1%          1    None
g - Statue Form           Tmut/Erth      ######...    6%          6    ######.
h - Irradiate             Conj/Tmut      #####.....   12%         5    ####...
i - Portal Projectile     Hex/Tloc       ####..       4%          3    None
j - Borgnjor's Vile Clut  Necr/Erth      ######....   2%          5    ####...
q - Apportation           Tloc           ####..       1%          1    None

Your spell library contained the following spells:

 Spells                   Type           Power        Failure   Level  Hunger
 Beastly Appendage        Tmut           ######       1%          1    None
 Corona                   Hex            ####...      1%          1    None
 Magic Dart               Conj           ###.         1%          1    None
 Sandblast                Erth           ######       1%          1    None
 Summon Butterflies       Summ           ######..     1%          1    None
 Summon Small Mammal      Summ           ####         1%          1    None
 Call Imp                 Summ           ######..     1%          2    None
 Passwall                 Tmut/Erth      ######..     1%          2    None
 Slow                     Hex            ####....     1%          2    None
 Sticks to Snakes         Tmut           ######..     1%          2    None
 Sublimation of Blood     Necr           #####.....   1%          2    None
 Call Canine Familiar     Summ           ######..     1%          3    None
 Recall                   Summ/Tloc      N/A          1%          3    None
 Spider Form              Tmut/Pois      #####.....   1%          3    None
 Summon Guardian Golem    Hex/Summ       ######..     1%          3    None
 Leda's Liquefaction      Hex/Erth       ######....   1%          4    #......
 Petrify                  Tmut/Erth      ######..     1%          4    #......
 Shock                    Conj/Air       ###.         2%          1    None
 Blade Hands              Tmut           ######....   2%          5    ####...
 Flame Tongue             Conj/Fire      ###..        3%          1    None
 Sting                    Conj/Pois      ###.         3%          1    None
 Ensorcelled Hibernation  Hex/Ice        ###...       3%          2    None
 Shroud of Golubria       Chrm/Tloc      ###.......   3%          2    None
 Freeze                   Ice            ##..         4%          1    None
 Throw Flame              Conj/Fire      ###...       4%          2    None
 Throw Frost              Conj/Ice       ###...       4%          2    None
 Confuse                  Hex            ####....     4%          3    None
 Gell's Gravitas          Tloc           ####......   4%          3    None
 Ignite Poison            Fire/Tmut/Pois ####....     4%          3    None
 Lesser Beckoning         Tloc           ####......   4%          3    None
 Summon Ice Beast         Ice/Summ       #####...     4%          4    #......
 Poisonous Vapours        Pois/Air       ##....       6%          2    None
 Swiftness                Chrm/Air       ##......     6%          2    None
 Animate Dead             Necr           N/A          6%          4    #......
 Ice Form                 Ice/Tmut       #####...     6%          4    #......
 Inner Flame              Hex/Fire       ###.....     8%          3    None
 Static Discharge         Conj/Air       ###.....     8%          3    None
 Conjure Flame            Conj/Fire      ###.....     9%          3    None
 Mephitic Cloud           Conj/Pois/Air  ###.....     9%          3    None
 Yara's Violent Unravell  Hex/Tmut       #####.....   10%         5    ####...
 Cause Fear               Hex            ####......   12%         4    #......
 Ozocubu's Armour         Chrm/Ice       ##......     13%         3    None
 Bolt of Magma            Conj/Fire/Erth #####.....   14%         5    ####...
 Hydra Form               Tmut           ######....   14%         6    ######.
 Force Lance              Conj/Tloc      ####....     16%         4    #......
 Alistair's Intoxication  Tmut/Pois      #####...     17%         5    ####...
 Iron Shot                Conj/Erth      ######....   26%         6    ######.
 Airstrike                Air            ###.......   28%         4    #......
 Sticky Flame             Conj/Fire      ###.....     28%         4    #......
 Throw Icicle             Conj/Ice       ###.....     28%         4    #......
 Bolt of Draining         Conj/Necr      ####......   28%         5    ####...
 Olgreb's Toxic Radiance  Pois           ##......     38%         4    #......
 Lightning Bolt           Conj/Air       ###.......   52%         5    ####...
 Metabolic Englaciation   Hex/Ice        ###.......   52%         5    ####...
 Fireball                 Conj/Fire      ###.......   58%         5    ####...
 Iskenderun's Battlesphe  Conj/Chrm      ###.....     58%         5    ####...
 Venom Bolt               Conj/Pois      ###.......   58%         5    ####...
 Dragon Form              Tmut           ######....   58%         7    #######
 Death Channel            Necr           #####.....   61%         6    ######.
 Darkness                 Hex            ####......   86%         6    ######.
 Dispersal                Tloc           ####......   86%         6    ######.
 Invisibility             Hex            ####....     86%         6    ######.
 Malign Gateway           Summ/Tloc      ######....   89%         7    #######
 Simulacrum               Ice/Necr       ####......   91%         6    ######.
 Spellforged Servitor     Conj/Summ      #####.....   92%         7    #######
 Bolt of Cold             Conj/Ice       ###.......   98%         6    ######.
 Bolt of Fire             Conj/Fire      ###.......   98%         6    ######.
 Freezing Cloud           Conj/Ice/Air   ###.......   98%         6    ######.
 Ozocubu's Refrigeration  Ice            ##........   99%         6    ######.
 Orb of Destruction       Conj           ###.......   100%        7    #######
 Disjunction              Tloc           ####......   100%        8    #######
 Ignition                 Fire           ##........   100%        8    #######
 Shatter                  Erth           #######...   100%        9    #######
 Passage of Golubria      Tloc           Unusable     N/A         4    N/A

Dungeon Overview and Level Annotations

Branches:
Dungeon (15/15)            Temple (0/1) D:7            Lair (6/6) D:9
  Swamp (4/4) Lair:2       Spider (4/4) Lair:3        Slime (0/5) Lair:5
    Orc (2/2) D:12            Elf (3/3) Orc:2        Vaults (4/5) D:14
  Crypt (0/3) Vaults:3     Depths (5/5) D:15            Zot (5/5) Depths:5

Altars:
Cheibriados
Elyvilon
Gozag
Hepliaklqana
Kikubaaqudgha
Nemelex Xobeh
Okawaru
Sif Muna
Trog
Vehumet
Wu Jian
Beogh

Shops:
D:4 =   D:6 ?*:   D:7 ?   D:11 [[(   D:14 !   Orc:2 !(=*   Elf:2 ?   Elf:3 (
Vaults:1 [   Vaults:2 *   Vaults:3 }   Depths:3 :

Portals:
Hell: Depths:1 Depths:2 Depths:3 Depths:4 Depths:5
Abyss: Depths:1 Depths:4
Pandemonium: Depths:3 Depths:4
Ziggurat: Depths:4

Annotations:
D:2 exclusion: downstairs
D:4 exclusion: 2 downstairs
D:5 1 runed translucent door, Crazy Yiuf
D:10 Snorg
Lair:1 2 transporters, HAL9000's ghost, journeyman VSAs
Lair:3 1 runed translucent door, exclusion: downstairs, lilly's ghost, journeyman MiMo
Lair:5 1 runed translucent door, Tanyipysto's ghost, journeyman HOFi
Swamp:1 1 runed translucent door, Zigma's ghost, adept DrMo
Elf:2 5 runed translucent doors


Innate Abilities, Weirdness & Mutations

You cannot wear most types of armour.
You are very stealthy in the water. (Stealth+)
You are amphibious.
You can wear up to eight rings at the same time.
You can use your tentacles to constrict eight enemies at once.
Your skin changes colour to match your surroundings (Stealth+).
Your rubbery body absorbs attacks. (AC +1, EV +1)
You have very sharp teeth.
You are partially covered in molten scales. (AC +2)
You are partially covered in thin metallic scales. (AC +2)
Your flesh is cold resistant. (rC+)
You evolve.
You expend magic power (3 MP) to strengthen your wands.


Message History

You see here a +0 dagger.
You block the Orb Guardian's attack. x2
There is a stone staircase leading up, spattered with blood here.
You see here a +0 club.
You block the Orb Guardian's attack.
The large abomination closely misses you.
You block the Orb Guardian's attack.
You climb upwards.
Level annotation: exclusion: downstairs
There is a stone staircase leading down here.
Unknown command.
You batter the Orb Guardian!!
Your tentacle-slap misses the Orb Guardian.
You squeeze the Orb Guardian!
The Orb Guardian is heavily wounded.
Your magic seems less tainted.
You block the Orb Guardian's attack.
Your shield prevents you from hitting the Orb Guardian.
Your tentacle-slap misses the Orb Guardian.
Your bite misses the Orb Guardian.
The Orb Guardian is heavily wounded.
You block the Orb Guardian's attack. x2
You bludgeon the Orb Guardian!
You bite the Orb Guardian, but do no damage.
The Orb Guardian is heavily wounded.
You block the Orb Guardian's attack.
You completely miss the Orb Guardian.
The Orb Guardian is heavily wounded.
The Orb Guardian misses you.
You batter the Orb Guardian!!
The Orb Guardian is severely wounded.
You block the Orb Guardian's attack. x2
You tentacle-slap the Orb Guardian. You tentacle-slap the Orb Guardian!!
You kill the Orb Guardian!
No target in view!
No target in view!
No target in view!
You eat one of the 35 rations.
That ration really hit the spot!
You revert to your normal fleshy form.
(D) Dungeon (T) Temple (L) Lair (S) Swamp (N) Spider Nest (M) Slime Pits (O) Orcish Mines (E) Elven Halls (V) Vaults (C) Crypt (U) Depths (H) Hell (Z) Zot
Where to? (Enter - D:1 @ (x,y), ? - help)
There is a stone staircase leading up here.
You climb upwards.
There is a stone staircase leading down here.
There is a staircase leading out of the dungeon here.
Enter note: gg You have escaped!

#.# ##########.########## # #.#
#..#.............#..# # #.#
#.#...............#.# # #.#
##.......#.#.......## # #.#
#......#.#.#.#......#
#.#####.....##.#.#.##.....#
......#.......⌠#.#⌠.......#######
#.#####..#######.#######..#......
................@................
##....#.)#######.#######..##.####
.#..###.......⌠#.#⌠.......##.....
.#..# #.....##.#.#.##.....#######
....# #......#.#.#.#......# .##.#
##.......#.#.......##
.##.###.#...............#.#
......#..#.............#..#
.#....##########.##########


There were no monsters in sight!

Vanquished Creatures
  6 ancient liches
  5 orbs of fire
  Mara (Elf:3)
  2 juggernauts
  2 pandemonium lords
  Frederick (Depths:5)
  3 Killer Klowns (Zot:5)
  A curse toe (Zot:3)
  6 golden dragons
  Nikola (Swamp:1)
  3 bone dragons
  7 liches
  3 electric golems
  Rupert (Lair:3)
  2 hellephants (Abyss:3)
  2 Ice Fiends
  29 Orb Guardians
  16 tentacled monstrosities
  A titan (Zot:5)
  2 deep elf blademasters (Elf:3)
  A quicksilver dragon (Zot:2)
  2 tentacled starspawn (Abyss:2)
  A deep elf master archer (Elf:3)
  11 death cobs
  Gastronok (D:9)
  3 sphinxes
  7 draconian monks
  6 shadow dragons
  2 thorn hunters
  13 storm dragons
  Donald (Vaults:4)
  A tengu reaver (Vaults:3)
  A daeva (D:14)
  8 fire giants
  15 frost giants
  15 vault wardens
  A draconian knight (Zot:2)
  A balrug (Abyss:2)
  10 deep elf sorcerers
  4 draconian scorchers
  4 ghost moths
  5 draconian shifters
  A warmonger (D:3)
  An orc warlord (Vaults:4)
  3 cacodemons
  9 emperor scorpions
  3 deep elf elementalists (Elf:3)
  11 ironheart preservers
  A reaper (D:4)
  3 draconian stormcallers
  2 draconian annihilators
  4 spriggan defenders
  27 very ugly things
  2 entropy weavers
  15 stone giants
  9 green draconians
  7 black draconians
  3 deep elf demonologists
  A black sun (D:3)
  Nessos (Orc:2)
  10 dire elephants
  3 vampire knights
  A minotaur (Gauntlet)
  12 yellow draconians
  8 purple draconians
  10 red draconians
  10 deep elf annihilators
  5 white draconians
  7 spark wasps
  A merfolk javelineer (Depths:4)
  13 ettins
  3 deep elf death magi
  4 blizzard demons
  10 fire dragons
  10 yaktaur captains
  3 jiangshi (Depths:4)
  Erolcha (Orc:1)
  9 vault guards
  3 deep elf high priests
  A hell beast (Zot:1)
  11 great orbs of eyes
  A monstrous demonspawn (D:3)
  8 rakshasas
  2 ghost crabs (Swamp:2)
  21 hydras
  5 spriggan air magi
  A shambling mangrove (Swamp:3)
  2 catoblepae
  A quicksilver dragon skeleton (Abyss:2)
  11 ice dragons
  4 death knights
  14 centaur warriors
  33 two-headed ogres
  16 deep troll earth magi
  11 ogre magi
  10 alligators
  4 hell hogs (Zot:2)
  9 deep troll shamans
  Urug (Lair:4)
  4 thrashing horrors
  2 vampire magi
  A death yak (Lair:5)
  An orc high priest (D:12)
  14 dancing weapons
  6 tengu warriors
  7 spriggan berserkers
  A soul eater (D:3)
  13 deep elf knights
  A salamander mystic (Depths:5)
  2 sun demons (Abyss:2)
  3 fire crabs (Swamp:4)
  4 iron trolls
  6 wretched stars
  3 sixfirhies
  5 unseen horrors
  8 skeletal warriors
  5 flayed ghosts
  A spriggan druid (Swamp:2)
  4 glowing orange brains
  37 deep trolls
  8 deep elf archers
  A shadow demon (Abyss:2)
  21 large abominations
  A spatial maelstrom (Abyss:3)
  5 swamp dragons
  15 wizards
  A torturous demonspawn (D:15)
  An obsidian statue (Zot:5)
  13 orc knights
  7 harpies
  10 ironbrand convokers
  55 deep elf magi
  2 orange crystal statues
  A wolf spider zombie (Abyss:3)
  An orb spider (shapeshifter) (Vaults:2)
  30 wolf spiders
  17 orb spiders
  2 orc sorcerers (Orc:1)
  35 ugly things
  6 cyclopes
  3 manticores
  2 shining eyes
  6 elephants
  2 salamanders (Depths:5)
  29 moths of wrath
  A centaur zombie (D:13)
  3 worldbinders
  A guardian serpent (Depths:4)
  Joseph (D:7)
  2 ice statues (Depths:3)
  4 black mambas
  A guardian serpent (shapeshifter) (D:15)
  3 naga magi
  A rust devil (D:14)
  9 vault sentinels
  Psyche (D:10)
  5 centaur skeletons
  A torpor snail (Lair:4)
  3 orange demons
  8 spiny frogs
  2 smoke demons
  5 kobold demonologists
  An efreet (Abyss:2)
  A rime drake (Lair:4)
  5 freezing wraiths
  39 yaktaurs
  2 hellions
  4 tengu conjurers
  A komodo dragon (Lair:2)
  16 demonic crawlers
  A yaktaur (shapeshifter) (D:15)
  5 ice devils
  4 ancient zymes
  5 hellwings
  A tormentor (Zot:4)
  3 red devils
  9 trolls
  2 queen bees (shapeshifter)
  A queen bee (D:10)
  24 jumping spiders
  55 slime creatures
  4 hippogriffs
  A raiju (shapeshifter) (Depths:4)
  25 hornets
  13 tyrant leeches
  A hippogriff (shapeshifter) (Vaults:1)
  5 blink frogs
  11 bog bodies
  18 raiju
  A tarantella (shapeshifter) (D:10)
  61 redbacks
  A dream sheep (Lair:5)
  A shadow (Abyss:3)
  10 small abominations
  8 spriggans
  11 water elementals
  2 air elementals
  5 wraiths
  2 ynoxinuls (Abyss:3)
  A fire bat (Orc:2)
  A fire elemental (Swamp:4)
  2 hogs (Lair:5)
  31 tarantellas
  A basilisk (Lair:4)
  A human (shapeshifter) (Vaults:1)
  18 yaks
  7 chaos spawn
  3 steam dragons (Swamp:4)
  2 hungry ghosts
  2 neqoxecs (Abyss:3)
  21 vampire mosquitoes
  2 spatial vortices (Abyss:3)
  16 swamp worms
  3 wargs
  An acid dragon (D:14)
  2 soldier ants
  A water moccasin (shapeshifter) (Vaults:4)
  3 water moccasins
  3 porcupines
  4 hell hounds (Depths:5)
  A floating eye (shapeshifter) (Depths:5)
  2 floating eyes (Gauntlet)
  54 orc warriors
  A sky beast (D:11)
  11 swamp drakes
  4 ice beasts
  A black bear (D:11)
  11 starcursed masses (Abyss:3)
  2 eyes of draining
  A necrophage (D:10)
  4 wolves
  3 boggarts
  35 centaurs
  32 ogres
  An ogre (shapeshifter) (Vaults:2)
  9 crocodiles
  12 big kobolds
  12 bullfrogs
  2 gnoll sergeants (D:12)
  5 earth elementals
  8 scorpions
  17 killer bees (D:10)
  6 wights
  4 electric eels
  6 howler monkeys
  8 crimson imps
  A bullfrog zombie (D:11)
  3 jellies
  3 quasits
  5 hounds
  3 bullfrog skeletons
  2 iron imps (Abyss:1)
  12 orc priests
  Jessica (D:2)
  An iguana (D:13)
  Ijyb (D:3)
  Terence (D:3)
  21 orc wizards
  10 worker ants
  A centaur simulacrum (IceCv)
  2 worker ant zombies
  9 adders
  3 gnolls
  An ogre simulacrum (IceCv)
  2 shadow imps
  4 white imps
  2 ufetubi
  An adder zombie (D:8)
  A worm (D:4)
  A dart slug (D:2)
  3 leopard geckos
  63 orcs
  A ball python (D:12)
  A giant cockroach (D:8)
  7 goblins
  2 hobgoblins
  5 jackals
  A jackal (shapeshifter) (Depths:1)
  17 kobolds
  A rat (D:2)
  A fungus (Lair:2)
  A plant (Lair:6)
1982 creatures vanquished.

Vanquished Creatures (collateral kills)
  Saint Roka (Depths:2)
  Kirke (Lair:5)
  A vault warden (Vaults:1)
  An ironheart preserver (Vaults:1)
  A stone giant (Orc:1)
  A very ugly thing (Depths:4)
  Josephine (D:13)
  3 hydras
  3 vault guards (Vaults:1)
  An ice dragon (Lair:5)
  2 catoblepae (Lair:6)
  A centaur warrior (Vaults:1)
  An ogre mage (D:14)
  A two-headed ogre (Vaults:3)
  9 death yaks
  A deep elf knight (Elf:1)
  The ghost of docpaisley the Summoner, a novice TeSu of Xom (D:10)
  3 skeletal warriors
  A deep troll (Depths:4)
  A wizard (Depths:3)
  2 ironbrand convokers
  4 orc knights
  A deep elf archer (Vaults:1)
  8 orc sorcerers
  9 ugly things
  An oklob plant (Lair:4)
  2 deep elf magi
  A manticore (Lair:6)
  4 elephants (Lair:6)
  A vault sentinel (Vaults:3)
  3 naga magi (D:13)
  2 black mambas
  A smoke demon (Gauntlet)
  A freezing wraith (D:11)
  A rime drake (Lair:1)
  7 spiny frogs
  4 komodo dragons
  2 yaktaurs (Vaults:1)
  2 red devils
  2 trolls
  2 tyrant leeches (Lair:2)
  5 blink frogs
  6 dream sheep (Lair:5)
  A slime creature (Lair:5)
  8 hippogriffs
  2 wyverns
  A redback (Lair:3)
  2 wraiths
  2 hogs (Lair:5)
  A steam dragon (D:13)
  4 yaks
  3 neqoxecs
  A basilisk (Lair:4)
  A warg (Orc:2)
  3 water moccasins
  4 porcupines
  An ice beast (D:6)
  2 sky beasts
  12 orc warriors
  A phantom (D:7)
  A black bear (D:6)
  9 ogres
  7 wolves
  3 centaurs
  6 crocodiles
  6 big kobolds
  7 bullfrogs
  A wyvern zombie (D:11)
  A scorpion (D:12)
  A wyvern skeleton (D:9)
  10 killer bees (D:10)
  8 wights
  A howler monkey (D:6)
  2 crimson imps (Gauntlet)
  2 hounds (D:10)
  4 jellies
  5 orc priests
  3 centaur skeletons
  4 orc wizards
  2 iguanas
  4 worker ants
  A hound zombie (D:6)
  A worker ant zombie (D:11)
  Robin (D:3)
  7 adders
  A shadow imp (D:5)
  3 white imps (Lair:5)
  An ufetubus (Abyss:2)
  3 worms
  2 dart slugs (D:1)
  2 leopard geckos
  33 orcs
  2 giant cockroaches
  7 goblins
  6 hobgoblins
  8 jackals
  A ball python zombie (D:5)
  A bat (D:2)
  5 frilled lizards
  11 kobolds
  3 rats
  4 fungi
  A plant (Lair:5)
346 creatures vanquished.

Vanquished Creatures (others)
  A draconian knight (Zot:1)
  6 stone giants
  2 yaktaur captains (Depths:5)
  A hydra (Swamp:4)
  A centaur warrior (Depths:1)
  A deep troll shaman (Depths:2)
  An unseen horror (Vaults:1)
  2 deep elf archers
  A swamp dragon (Swamp:4)
  3 deep elf magi
  A spiny frog (Swamp:1)
  A vault sentinel (Vaults:1)
  A smoke demon (Abyss:3)
  4 yaktaurs
  A redback (Spider:1)
  A neqoxec (Abyss:1)
  2 steam dragons (Swamp:4)
  An acid dragon (D:13)
  4 swamp drakes (Swamp:4)
  2 centaurs
  A boggart (Vaults:2)
  An orc wizard (Orc:1)
  An ufetubus (IceCv)
  2 orcs
  2 briar patches (Swamp:3)
  12 fungi
  A lurking horror (Abyss:2)
  11 plants
  14 starspawn tentacles
  4 withered plants
86 creatures vanquished.

Grand Total: 2414 creatures vanquished

Notes
Turn   | Place    | Note
-------+----------+-------------------------------------------
     0 | D:1      | Flugkiller the Octopode Summoner began the quest for the
                  | Orb.
     0 | D:1      | Reached XP level 1. HP: 11/11 MP: 3/3
   120 | D:1      | You fall through a shaft!
   121 | D:2      | Noticed Jessica
   123 | D:2      | Killed Jessica
   123 | D:2      | Reached skill level 1 in Fighting
   123 | D:2      | Reached XP level 2. HP: 18/18 MP: 5/5
   123 | D:2      | Reached XP level 3. HP: 23/23 MP: 6/6
   157 | D:2      | Learned a level 2 spell: Call Imp
   162 | D:2      | Learned a level 3 spell: Call Canine Familiar
  1556 | D:2      | Reached XP level 4. HP: 29/29 MP: 4/8
  1746 | D:3      | Noticed Robin
  1876 | D:2      | HP: 1/29 [goblin/+0 dagger[Robin] (1)]
  2645 | D:3      | Noticed Ijyb
  2674 | D:3      | Killed Robin
  2854 | D:3      | Killed Ijyb
  2933 | D:3      | Noticed Terence
  2943 | D:3      | Killed Terence
  2943 | D:3      | Reached XP level 5. HP: 20/34 MP: 2/9
  3106 | D:3      | a bit too late but this floor had acid wand ijyb
  3106 | D:3      | now she's dead, fortunately
  3106 | D:3      | managed to stay out of acid wand range and fire curare
  3644 | D:4      | Found Vyehesum's Jewellery Shop.
  4090 | D:4      | I think the only monster on this floor was a worm, wtf
  4094 | D:4      | Upgraded the game from 0.24-a0-333-g864f2b5d03 to
                  | 0.24-a0-335-g06ca16af6c
  4116 | D:5      | Entered Level 5 of the Dungeon
  4116 | D:5      | Noticed a centaur
  4332 | D:5      | Noticed a centaur
  4520 | D:5      | Noticed an ogre
  4625 | D:5      | Noticed an ice beast
  4628 | D:5      | Killed an ogre
  4628 | D:5      | Reached XP level 6. HP: 41/41 MP: 6/10
  4655 | D:5      | Killed an ice beast
  4655 | D:5      | Reached skill level 5 in Summonings
  5139 | D:4      | Reached XP level 7. HP: 22/46 MP: 7/11
  5821 | D:5      | Found a runed translucent door.
  5822 | D:5      | Noticed Crazy Yiuf
  5897 | D:5      | Found a radiant altar of Vehumet.
  6129 | D:6      | Found a radiant altar of Vehumet.
  6177 | D:6      | Learned a level 4 spell: Summon Lightning Spire
  6224 | D:6      | Reached skill level 1 in Air Magic
  6224 | D:6      | Reached skill level 1 in Evocations
  6233 | D:6      | Found a sparkling altar of Nemelex Xobeh.
  6316 | D:6      | Became a worshipper of Nemelex Xobeh the Trickster
  6403 | D:6      | Found Joerph's General Store.
  6406 | D:6      | Found Wonug's Book Emporium.
  6453 | D:6      | Reached XP level 8. HP: 54/54 MP: 9/12
  6564 | D:6      | Received a gift from Nemelex Xobeh
  6942 | D:6      | Reached skill level 5 in Dodging
  7318 | D:6      | Found Dofferie's Magic Scroll Shoppe.
  7324 | D:6      | Bought a scroll of fog for 24 gold pieces
  7324 | D:6      | Bought a scroll of identify for 24 gold pieces
  7550 | D:7      | Found a staircase to the Ecumenical Temple.
  7932 | D:7      | Reached skill level 1 in Invocations
  7936 | D:7      | Reached skill level 5 in Evocations
  8065 | D:7      | Noticed Joseph
  8130 | D:7      | Reached XP level 9. HP: 58/58 MP: 3/14
  8258 | D:7      | HP: 1/58 [Joseph/sling bullet (15)]
  8263 | D:7      | Killed Joseph
  8954 | D:7      | Found Jeamaq's Magic Scroll Shop.
  8962 | D:7      | Bought a scroll of identify for 22 gold pieces
  8962 | D:7      | Bought a scroll of identify for 22 gold pieces
  8962 | D:7      | Bought a scroll of identify for 22 gold pieces
  9991 | D:8      | Reached * piety under Nemelex Xobeh
 10228 | D:8      | Received a gift from Nemelex Xobeh
 10253 | D:8      | Found a hazy altar of Hepliaklqana.
 10405 | D:8      | Reached skill level 5 in Spellcasting
 11083 | D:9      | Noticed Gastronok
 11177 | D:9      | Killed Gastronok
 11177 | D:9      | Reached skill level 10 in Summonings
 11177 | D:9      | Reached XP level 10. HP: 47/64 MP: 5/17
 11449 | D:9      | Got an encrusted trident
 11451 | D:9      | Identified the +6 trident of Accord {speed, rElec Str+3}
                  | (You found it on level 9 of the Dungeon)
 11503 | D:9      | Received a gift from Nemelex Xobeh
 11616 | D:9      | Reached skill level 1 in Polearms
 11689 | D:9      | Found a staircase to the Lair.
 11802 | D:9      | Found a snail-covered altar of Cheibriados.
 11802 | D:9      | Found a white marble altar of Elyvilon.
 11809 | D:9      | Found a radiant altar of Vehumet.
 11812 | D:9      | Found an iron altar of Okawaru.
 11815 | D:9      | Found an ornate altar of the Wu Jian Council.
 11942 | D:9      | Reached ** piety under Nemelex Xobeh
 11955 | D:9      | Reached skill level 5 in Fighting
 12434 | Lair:1   | Entered Level 1 of the Lair of Beasts
 12437 | Lair:1   | Noticed a black mamba
 12452 | Lair:1   | Killed a black mamba
 12489 | Lair:1   | Found a transporter.
 12499 | Lair:1   | Identified the +2 trident of Dann {freeze, rPois}
 12499 | Lair:1   | Noticed a spriggan rider
 12499 | Lair:1   | Noticed HAL9000's ghost (journeyman VSAs)
 12505 | Lair:1   | Noticed a moth of wrath
 12584 | Lair:1   | Found a gate leading to a gauntlet.
 12593 | Gauntlet | Entered a Gauntlet
 12593 | Gauntlet | Found a runed translucent gate.
 12593 | Gauntlet | Found a transporter.
 12593 | Gauntlet | Found a runed translucent gate.
 12593 | Gauntlet | Found a runed translucent gate.
 12593 | Gauntlet | Found a transporter.
 12593 | Gauntlet | Noticed a smoke demon
 12605 | Gauntlet | Found a transporter.
 12606 | Gauntlet | Found the +3 sling "Punk" {acid, rCorr}
 12609 | Gauntlet | Found a transporter.
 12613 | Gauntlet | Found a runed translucent door.
 12613 | Gauntlet | Found a runed translucent door.
 12617 | Gauntlet | Found a transporter.
 12617 | Gauntlet | Noticed an eye of devastation
 12621 | Gauntlet | Found a transporter.
 12629 | Gauntlet | Found a transporter.
 12629 | Gauntlet | Noticed a ghost crab
 12649 | Gauntlet | Found a transporter.
 12657 | Gauntlet | Noticed a hell hog
 12670 | Gauntlet | Found a transporter.
 12671 | Gauntlet | Found a transporter.
 12679 | Gauntlet | Found a transporter.
 12683 | Gauntlet | Found a transporter.
 12684 | Gauntlet | Noticed a moth of wrath
 12835 | Gauntlet | Killed a smoke demon
 13024 | Gauntlet | Paralysed by a floating eye for 2 turns
 13112 | Gauntlet | Noticed a minotaur
 13143 | Gauntlet | Killed a minotaur
 13143 | Gauntlet | Reached XP level 11. HP: 72/72 MP: 10/18
 13154 | Gauntlet | Identified Sif Muna's Volume of Unstable Translocation
 13344 | Lair:1   | Found a transporter.
 13550 | Lair:1   | Noticed an eight-headed hydra
 13578 | Lair:1   | Found a bloodstained altar of Trog.
 13585 | Lair:1   | Reached skill level 1 in Slings
 13623 | Lair:1   | Killed an eight-headed hydra
 14318 | Lair:2   | Received a gift from Nemelex Xobeh
 15166 | Lair:2   | Learned a level 4 spell: Summon Ice Beast
 15184 | Lair:2   | Reached skill level 5 in Invocations
 15263 | Lair:2   | Reached *** piety under Nemelex Xobeh
 16024 | Lair:2   | Received a gift from Nemelex Xobeh
 16120 | Lair:2   | Reached skill level 5 in Slings
 16215 | Lair:2   | Found a staircase to the Swamp.
 16303 | Lair:3   | Identified a scroll of acquirement
 16644 | D:4      | Bought an uncursed amulet of faith for 440 gold pieces
 16984 | Lair:3   | Noticed Rupert
 16987 | Lair:3   | Paralysed by Rupert for 5 turns
 17257 | Lair:3   | Found a hole to the Spider Nest.
 17473 | Lair:3   | Noticed a six-headed hydra
 17489 | Lair:3   | Noticed a great orb of eyes
 17489 | Lair:3   | a six-headed hydra changed into a great orb of eyes
 17494 | Lair:3   | Killed a great orb of eyes
 17750 | Lair:3   | Received a gift from Nemelex Xobeh
 17862 | Lair:3   | Found a runed translucent door.
 17862 | Lair:3   | Noticed lilly's ghost (journeyman MiMo)
 17892 | Lair:4   | Noticed Urug
 18335 | Lair:4   | Noticed an oklob plant
 18361 | Lair:4   | Reached XP level 12. HP: 79/79 MP: 7/19
 19010 | Lair:4   | Killed Urug
 19114 | Lair:4   | Noticed a seven-headed hydra
 19165 | Lair:4   | Killed a seven-headed hydra
 19485 | Lair:4   | Reached **** piety under Nemelex Xobeh
 19656 | Lair:4   | Received a gift from Nemelex Xobeh
 21052 | Lair:5   | Noticed a death yak
 21052 | Lair:5   | Noticed a death yak
 21052 | Lair:5   | Noticed a death yak
 21052 | Lair:5   | Noticed a death yak
 21053 | Lair:5   | Noticed a death yak
 21083 | Lair:4   | Killed a death yak
 22249 | Lair:5   | Found a staircase to the Slime Pits.
 22456 | Lair:5   | Noticed Kirke
 22598 | Lair:5   | Killed Kirke
 22894 | Lair:5   | Killed a death yak
 23161 | Lair:5   | Received a gift from Nemelex Xobeh
 23184 | Lair:5   | Found a runed translucent door.
 23186 | Lair:5   | Noticed Tanyipysto's ghost (journeyman HOFi)
 23291 | Lair:5   | Noticed an ice dragon
 23326 | Lair:5   | Killed an ice dragon
 23376 | Lair:5   | Killed a death yak
 23376 | Lair:5   | Reached skill level 10 in Dodging
 23398 | Lair:5   | Killed a death yak
 23890 | Lair:5   | Killed a death yak
 24117 | Lair:6   | Entered Level 6 of the Lair of Beasts
 24117 | Lair:6   | Noticed an eight-headed hydra
 24122 | Lair:6   | Killed an eight-headed hydra
 24122 | Lair:6   | Reached XP level 13. HP: 83/83 MP: 15/20
 25776 | Lair:6   | Reached skill level 10 in Slings
 26061 | Lair:6   | Received a gift from Nemelex Xobeh
 26341 | Lair:6   | Received a gift from Nemelex Xobeh
 29601 | Lair:6   | Found the ring of the Octopus King
 29610 | Lair:6   | Got a ring of the Octopus King
 29613 | Lair:6   | Identified a ring of the Octopus King {rCorr AC+1 EV+1
                  | Str+1 Int+1 Dex+1} (You found it on level 6 of the Lair of
                  | Beasts)
 29833 | D:10     | Entered Level 10 of the Dungeon
 29855 | D:10     | Noticed Snorg
 30237 | D:10     | Learned a level 1 spell: Confusing Touch
 30283 | D:10     | Noticed Psyche
 30296 | D:10     | Killed Psyche
 30414 | D:10     | Reached skill level 1 in Hexes
 30603 | D:10     | Found a runed translucent gate.
 30607 | D:10     | Found a runed translucent gate.
 30608 | D:10     | Found a runed translucent gate.
 30608 | D:10     | Noticed docpaisley's ghost (novice TeSu)
 31176 | D:10     | Killed docpaisley's ghost
 31524 | D:11     | Received a gift from Nemelex Xobeh
 31570 | D:11     | Found Mygrip's Armour Boutique.
 31838 | D:11     | Got a slimy war axe
 32135 | D:11     | Received a gift from Nemelex Xobeh
 32458 | D:11     | Received a gift from Nemelex Xobeh
 32694 | D:11     | Reached XP level 14. HP: 59/90 MP: 21/21
 32754 | D:11     | Found Istrolom's Armour Emporium.
 32808 | D:11     | Found Pumimnig's Weapon Emporium.
 32967 | D:11     | Reached ***** piety under Nemelex Xobeh
 33774 | D:12     | Received a gift from Nemelex Xobeh
 34739 | D:12     | Found a staircase to the Orcish Mines.
 34760 | D:12     | Found an opulent altar of Gozag.
 35149 | D:12     | Received a gift from Nemelex Xobeh
 35812 | D:13     | Noticed Josephine
 36984 | D:13     | Killed Josephine
 36986 | D:13     | Identified the +5 hand axe of Jaxubah {chop, rElec rN+
                  | Int+3}
 37429 | D:13     | Received a gift from Nemelex Xobeh
 38294 | D:13     | Identified the Handbook of Flamy Dislocation
 38341 | D:13     | Found a deep blue altar of Sif Muna.
 38507 | D:13     | You fall through a shaft for 2 floors!
 38507 | D:15     | Entered Level 15 of the Dungeon
 38786 | D:15     | Received a gift from Nemelex Xobeh
 39495 | D:13     | Received a gift from Nemelex Xobeh
 39647 | D:13     | Identified the Collected Works on Changing and the Voyage
 39649 | D:13     | Identified the Handbook of Glacial Beguiling
 39659 | D:13     | Identified the Grimoire of the Salamander
 39661 | D:13     | Identified the Handbook of Dusty Heat
 39721 | D:13     | Learned a level 6 spell: Statue Form
 39972 | D:14     | Found Zeom's Distillery.
 39983 | D:14     | Bought a potion of heal wounds for 90 gold pieces
 40001 | D:14     | Bought a potion of curing for 54 gold pieces
 40001 | D:14     | Bought a potion of curing for 54 gold pieces
 40279 | D:14     | Reached skill level 1 in Earth Magic
 40388 | D:13     | Reached skill level 1 in Transmutations
 40388 | D:13     | Reached XP level 15. HP: 48/101 MP: 17/22
 41299 | D:14     | Found a gate to the Vaults.
 41330 | D:14     | You fall through a shaft!
 41713 | D:14     | Received a gift from Nemelex Xobeh
 42694 | D:15     | Found a radiant altar of Vehumet.
 42704 | D:15     | Received a gift from Nemelex Xobeh
 42813 | D:15     | Got a shimmering mace
 43447 | D:15     | Received a gift from Nemelex Xobeh
 43915 | D:15     | Found a staircase to the Depths.
 43915 | D:15     | Noticed a frost giant
 43982 | D:15     | Killed a frost giant
 44130 | Orc:1    | Entered Level 1 of the Orcish Mines
 44130 | Orc:1    | Noticed Jorgrun
 44131 | Orc:1    | Noticed Jorgrun
 44131 | Orc:1    | Jorgrun changed into Jorgrun the catoblepas
 44607 | D:12     | Killed Jorgrun the catoblepas
 44986 | D:12     | Gained mutation: One of your tentacles bears a spike. [a
                  | neqoxec]
 45265 | Orc:1    | Found a roughly hewn altar of Beogh.
 45808 | Orc:2    | Entered Level 2 of the Orcish Mines
 45808 | Orc:2    | Found a staircase to the Elven Halls.
 45821 | Orc:1    | Reached skill level 10 in Fighting
 45871 | Orc:2    | Received a gift from Nemelex Xobeh
 46022 | Orc:1    | Noticed Erolcha
 46199 | Orc:1    | Identified the +0 hand axe of Dismay {holy, rC- MP+9 Int+4}
 46208 | Orc:1    | Killed Erolcha
 46842 | Orc:2    | Noticed Nessos
 46880 | Orc:2    | Killed Nessos
 46880 | Orc:2    | Noticed Maurice
 47207 | Orc:2    | Noticed Maurice
 47209 | Orc:2    | Killed Maurice the fire bat
 47543 | Orc:2    | Received a gift from Nemelex Xobeh
 48387 | Lair:3   | Killed Rupert
 49834 | Orc:2    | Reached skill level 5 in Transmutations
 49834 | Orc:2    | Reached XP level 16. HP: 77/110 MP: 26/26
 49987 | Orc:2    | Found Takan's Assorted Antiques.
 49988 | Orc:2    | Found Niepueze's Antique Weapon Shoppe.
 49988 | Orc:2    | Found Xuats's Jewellery Boutique.
 49993 | Orc:2    | Found Vidia's Distillery.
 50005 | Orc:2    | Bought a potion of heal wounds for 135 gold pieces
 50010 | Orc:2    | Bought a potion of heal wounds for 85 gold pieces
 50010 | Orc:2    | Bought a potion of heal wounds for 85 gold pieces
 50425 | D:4      | Bought a ring of the Octopus King {Wiz AC+1 EV+1 Str+1
                  | Int+1 Dex+1} for 568 gold pieces
 50425 | D:4      | Found the ring of the Octopus King {Wiz AC+1 EV+1 Str+1
                  | Int+1 Dex+1}
 50681 | Swamp:1  | Entered Level 1 of the Swamp
 50795 | Swamp:1  | Noticed Nikola
 50913 | Lair:2   | Reached skill level 5 in Earth Magic
 50978 | Swamp:1  | Killed Nikola
 51787 | Swamp:1  | Found a runed translucent door.
 51789 | Swamp:1  | Received a gift from Nemelex Xobeh
 52238 | Swamp:1  | Noticed Zigma's ghost (adept DrMo)
 52501 | Swamp:1  | Received a gift from Nemelex Xobeh
 53039 | Swamp:2  | Found a white marble altar of Elyvilon.
 53399 | Swamp:2  | Noticed a thorn hunter
 53404 | Swamp:2  | Killed a thorn hunter
 53419 | Swamp:2  | Received a gift from Nemelex Xobeh
 55035 | Swamp:3  | Found a frozen archway.
 55066 | Swamp:3  | Reached ****** piety under Nemelex Xobeh
 55072 | IceCv    | Entered an ice cave
 55300 | Swamp:3  | Received a gift from Nemelex Xobeh
 55545 | Swamp:3  | Noticed a thorn hunter
 55567 | Swamp:3  | Killed a thorn hunter
 56253 | Swamp:4  | Entered Level 4 of the Swamp
 56302 | Swamp:4  | Received a gift from Nemelex Xobeh
 56467 | Swamp:4  | Reached XP level 17. HP: 110/117 MP: 29/29
 57983 | Swamp:4  | Got a decaying rune of Zot
 58645 | Spider:1 | Entered Level 1 of the Spider Nest
 58645 | Spider:1 | Received a gift from Nemelex Xobeh
 58758 | Spider:1 | Reached skill level 1 in Shields
 59330 | Spider:1 | Received a gift from Nemelex Xobeh
 60271 | Spider:1 | Received a gift from Nemelex Xobeh
 60930 | Spider:2 | Reached skill level 5 in Shields
 61029 | Spider:2 | Reached skill level 10 in Invocations
 61432 | Spider:3 | Received a gift from Nemelex Xobeh
 61824 | Spider:3 | Reached XP level 18. HP: 117/124 MP: 30/30
 62214 | Spider:3 | Received a gift from Nemelex Xobeh
 62933 | Spider:4 | Entered Level 4 of the Spider Nest
 65113 | Spider:4 | Got a gossamer rune of Zot
 66441 | Vaults:1 | Entered Level 1 of the Vaults
 66443 | Vaults:1 | Received a gift from Nemelex Xobeh
 67348 | Vaults:1 | Found Emoeru's Antique Armour Boutique.
 67624 | Vaults:1 | Received a gift from Nemelex Xobeh
 67641 | Vaults:1 | Reached skill level 10 in Shields
 68100 | Vaults:1 | Reached XP level 19. HP: 134/134 MP: 25/31
 69009 | Vaults:1 | Bought the +3 warlock's mirror {reflect} for 960 gold
                  | pieces
 69009 | Vaults:1 | Found the +3 warlock's mirror {reflect}
 69077 | Vaults:1 | Received a gift from Nemelex Xobeh
 69391 | Vaults:1 | Received a gift from Nemelex Xobeh
 69511 | Vaults:1 | Paralysed by a sphinx for 6 turns
 69907 | Vaults:2 | Found Neud Dab's Assorted Antiques.
 69912 | Vaults:2 | Bought a scroll of teleportation for 111 gold pieces
 69912 | Vaults:2 | Bought a scroll of blinking for 277 gold pieces
 69931 | Vaults:2 | Received a gift from Nemelex Xobeh
 70372 | Vaults:2 | Received a gift from Nemelex Xobeh
 70653 | Vaults:2 | Received a gift from Nemelex Xobeh
 71133 | Vaults:2 | Received a gift from Nemelex Xobeh
 71597 | Vaults:3 | Reached skill level 15 in Shields
 71604 | Vaults:3 | Learned a level 5 spell: Irradiate
 71608 | Vaults:3 | Learned a level 3 spell: Portal Projectile
 71697 | Vaults:2 | Bought a paperback book for 555 gold pieces
 72102 | Vaults:3 | Reached skill level 1 in Conjurations
 72129 | Vaults:3 | Received a gift from Nemelex Xobeh
 72226 | Vaults:3 | Found a portal to a secret trove of treasure.
 72261 | Vaults:3 | Reached XP level 20. HP: 140/140 MP: 28/32
 72431 | Vaults:3 | Found a staircase to the Crypt.
 72796 | Vaults:3 | Received a gift from Nemelex Xobeh
 72861 | Vaults:3 | Noticed a lich
 72878 | Vaults:3 | Killed a lich
 73211 | Vaults:3 | Found Kuoha's Gadget Shoppe.
 73712 | Vaults:3 | Cast into level 2 of the Abyss (a wizard)
 73752 | Abyss:2  | Noticed a bone dragon
 73782 | Abyss:2  | Killed a bone dragon
 73782 | Abyss:2  | Reached skill level 15 in Dodging
 74100 | Abyss:2  | Gained mutation: Your spells are a little easier to cast,
                  | but a little less powerful. [a cacodemon]
 74131 | Vaults:3 | Escaped the Abyss
 74557 | Vaults:3 | Found the +3 hat of Pondering {ponderous, MR+ MP+10 Int+5}
 74560 | Vaults:3 | Found a radiant altar of Vehumet.
 74900 | Vaults:4 | Received a gift from Nemelex Xobeh
 75028 | Vaults:4 | Noticed Donald
 75052 | Vaults:4 | Killed Donald
 75212 | Vaults:4 | Reached skill level 15 in Fighting
 75608 | Vaults:4 | Received a gift from Nemelex Xobeh
 75898 | Vaults:4 | Reached XP level 21. HP: 151/151 MP: 33/33
 76104 | Vaults:4 | Reached skill level 1 in Unarmed Combat
 76145 | Vaults:4 | Reached skill level 2 in Unarmed Combat
 76158 | Vaults:4 | Reached skill level 3 in Unarmed Combat
 76197 | Vaults:4 | Noticed an ancient lich
 76575 | Vaults:4 | Killed an ancient lich
 76575 | Vaults:4 | Reached skill level 4 in Unarmed Combat
 76618 | Vaults:4 | Reached skill level 5 in Unarmed Combat
 77018 | Elf:1    | Entered Level 1 of the Elven Halls
 77200 | Elf:1    | Reached skill level 6 in Unarmed Combat
 77400 | Elf:1    | Received a gift from Nemelex Xobeh
 77620 | Elf:1    | Reached skill level 7 in Unarmed Combat
 77768 | Elf:1    | Identified the Almanac of the Entourage
 77772 | Elf:1    | Received a gift from Nemelex Xobeh
 77821 | Elf:1    | Learned a level 5 spell: Borgnjor's Vile Clutch
 77893 | Elf:1    | Reached skill level 8 in Unarmed Combat
 78263 | Elf:1    | Reached skill level 1 in Necromancy
 78488 | Elf:2    | Received a gift from Nemelex Xobeh
 78630 | Elf:2    | Found Suogolamy's Magic Scroll Emporium.
 78644 | Elf:2    | Bought a scroll of teleportation for 57 gold pieces
 78859 | D:11     | Bought a +2 large shield of reflection for 277 gold pieces
 79032 | Elf:2    | Bought 3 scrolls of enchant armour for 427 gold pieces
 79390 | Elf:2    | Found a huge runed translucent gate.
 79390 | Elf:2    | Found a huge runed translucent gate.
 79390 | Elf:2    | Found a huge runed translucent gate.
 79391 | Elf:2    | Found a huge runed translucent gate.
 79391 | Elf:2    | Found a huge runed translucent gate.
 79458 | Elf:3    | Entered Level 3 of the Elven Halls
 79502 | Elf:3    | Received a gift from Nemelex Xobeh
 79697 | Elf:3    | Found Messag's Antique Weapon Shop.
 79725 | Elf:3    | Received a gift from Nemelex Xobeh
 79819 | Elf:3    | Got a translucent ivory ring
 79820 | Elf:3    | Identified the ring of Gyesta {*Slow rC+ Str+3 SInv} (You
                  | acquired it on level 3 of the Elven Halls)
 79883 | Elf:3    | Reached skill level 10 in Earth Magic
 80278 | Elf:3    | Received a gift from Nemelex Xobeh
 80336 | Elf:3    | Reached skill level 9 in Unarmed Combat
 80481 | Elf:3    | Noticed Mara
 80496 | Elf:3    | Noticed Flugkiller's illusion
 80559 | Elf:3    | HP: 4/151 [Mara/bolt of fire (11)]
 80565 | Elf:3    | Identified the +3 demon trident of Aclego {venom, rPois
                  | MR+}
 80568 | Elf:3    | Noticed Flugkiller's illusion
 80948 | Elf:3    | Noticed Flugkiller's illusion
 80950 | Elf:3    | Killed Mara
 81107 | Elf:3    | Reached XP level 22. HP: 157/157 MP: 28/34
 81227 | Elf:3    | Reached skill level 5 in Necromancy
 81572 | Elf:3    | Reached skill level 10 in Unarmed Combat
 82042 | Elf:3    | Identified the Handbook of the Destructive Compass
 82580 | Depths:1 | Entered Level 1 of the Depths
 82712 | Depths:1 | Paralysed by a great orb of eyes for 2 turns
 82919 | Depths:1 | Identified the +12 falchion "Retzipou" {holy, Dex+3}
 83201 | Depths:1 | Identified the +2 halberd of Pride {venom, rPois rN+ MR+}
 83266 | Depths:1 | Found a hazy altar of Hepliaklqana.
 83415 | Depths:1 | Found a one-way gate to the infinite horrors of the Abyss.
 83570 | Depths:1 | Reached skill level 11 in Unarmed Combat
 83787 | Depths:1 | Received a gift from Nemelex Xobeh
 83979 | Depths:1 | Found a gateway to Hell.
 84196 | Depths:1 | Found a sparkling altar of Nemelex Xobeh.
 85169 | Depths:2 | Reached XP level 23. HP: 162/162 MP: 35/35
 85317 | Depths:2 | Reached skill level 12 in Unarmed Combat
 85676 | Depths:2 | Identified the +8 mace of Wisdom {crush, Dex+4}
 86210 | Depths:2 | Noticed Saint Roka
 86244 | Depths:2 | Killed Saint Roka
 86537 | Depths:3 | Received a gift from Nemelex Xobeh
 86695 | Depths:3 | Reached skill level 13 in Unarmed Combat
 86734 | Depths:3 | Found a one-way gate leading to the halls of Pandemonium.
 87157 | Orc:2    | Learned a level 5 spell: Lee's Rapid Deconstruction
 87417 | Depths:3 | Found Equoveimi's Book Shoppe.
 87802 | Depths:3 | Found an ancient bone altar of Kikubaaqudgha.
 87902 | Depths:3 | Received a gift from Nemelex Xobeh
 88721 | Depths:3 | Noticed an ancient lich
 88733 | Depths:3 | Killed an ancient lich
 88907 | Depths:3 | Identified the +2 scale mail of Anaesthesia {rC+ Int+4
                  | Dex+7} (You found it on level 3 of the Depths)
 89007 | Depths:4 | Reached skill level 14 in Unarmed Combat
 89154 | Depths:4 | Reached XP level 24. HP: 109/171 MP: 23/35
 90403 | Depths:4 | Received a gift from Nemelex Xobeh
 90444 | Depths:4 | Noticed a juggernaut
 90467 | Depths:4 | Killed a juggernaut
 90468 | Depths:4 | Gained mutation: Potions are less effective at restoring
                  | your health. [mutagenic glow]
 91223 | Depths:4 | Found a gateway to a ziggurat.
 91328 | Depths:4 | Reached skill level 15 in Unarmed Combat
 91531 | Depths:4 | Received a gift from Nemelex Xobeh
 91997 | Depths:5 | Entered Level 5 of the Depths
 92256 | Depths:5 | Noticed Frederick
 92395 | Depths:5 | Killed Frederick
 92688 | Depths:5 | Identified the +10 demon trident "Concordance" {elec,
                  | Fragile rPois rF+}
 92702 | Depths:5 | Reached skill level 16 in Unarmed Combat
 93853 | Depths:5 | Reached XP level 25. HP: 179/179 MP: 35/35
 94126 | Depths:5 | Noticed a juggernaut
 94147 | Depths:5 | Killed a juggernaut
 94416 | Depths:5 | Found a gate to the Realm of Zot.
 94614 | Depths:4 | Voluntarily entered the Abyss.
 94629 | Abyss:1  | Learned a level 1 spell: Apportation
 94731 | Abyss:1  | Reached skill level 1 in Translocations
 94807 | Abyss:1  | Received a gift from Nemelex Xobeh
 94924 | Abyss:2  | Reached skill level 5 in Stealth
 95101 | Abyss:3  | Received a gift from Nemelex Xobeh
 95341 | Abyss:3  | Received a gift from Nemelex Xobeh
 95625 | Abyss:3  | Reached skill level 10 in Stealth
 95712 | Abyss:3  | Gained mutation: You are frail. (-10% HP) [a neqoxec]
 95767 | Abyss:3  | Received a gift from Nemelex Xobeh
 95768 | Abyss:3  | Found a corrupted altar of Lugonu.
 95773 | Abyss:3  | Got an abyssal rune of Zot
 95905 | Abyss:3  | Gained mutation: Your spells are easier to cast, but less
                  | powerful. [a neqoxec]
 95906 | Depths:4 | Escaped the Abyss
 96018 | Depths:4 | Lost mutation: Your spells are easier to cast, but less
                  | powerful. [potion of mutation]
 96018 | Depths:4 | Lost mutation: One of your tentacles bears a spike. [potion
                  | of mutation]
 96018 | Depths:4 | Lost mutation: You are frail. (-10% HP) [potion of
                  | mutation]
 96018 | Depths:4 | Lost mutation: Potions are less effective at restoring your
                  | health. [potion of mutation]
 96018 | Depths:4 | Lost mutation: Your spells are a little easier to cast, but
                  | a little less powerful. [potion of mutation]
 96018 | Depths:4 | Gained mutation: Your muscles are strong. (Str +2) [potion
                  | of mutation]
 96349 | Vaults:3 | You showed the abyssal rune of Zot to enter a treasure
                  | trove
 96350 | Trove    | Entered a treasure trove
 96353 | Trove    | Found the ring of Shadows {Umbra +Inv Stlth+}
 96357 | Trove    | Got a pitted pewter ring
 96361 | Trove    | Got a heavily runed silver ring
 96363 | Trove    | Got a translucent turquoise ring
 96376 | Trove    | Identified the ring "Sasiepie" {rC+ rN+ Str-2 Dex+9 SInv}
                  | (You found it in a treasure trove)
 96377 | Trove    | Identified the ring of Qamuall {rElec rPois MR+ Dex+6
                  | Slay+2} (You found it in a treasure trove)
 96378 | Trove    | Identified the ring "Bayriof" {AC+2 SInv} (You found it in
                  | a treasure trove)
 96792 | Zot:1    | Entered Level 1 of the Realm of Zot
 96854 | Zot:1    | Received a gift from Nemelex Xobeh
 96906 | Zot:1    | Reached skill level 17 in Unarmed Combat
 97273 | Zot:1    | Received a gift from Nemelex Xobeh
 97575 | Zot:1    | Reached XP level 26. HP: 187/187 MP: 35/35
 98184 | Zot:2    | Reached skill level 18 in Unarmed Combat
 98335 | Zot:2    | Received a gift from Nemelex Xobeh
 98574 | Zot:2    | Received a gift from Nemelex Xobeh
 98868 | Zot:2    | Received a gift from Nemelex Xobeh
 99403 | Zot:3    | Received a gift from Nemelex Xobeh
100034 | Zot:4    | Received a gift from Nemelex Xobeh
100057 | Zot:4    | Reached skill level 19 in Unarmed Combat
100497 | Zot:5    | Entered Level 5 of the Realm of Zot
100531 | Zot:5    | Received a gift from Nemelex Xobeh
100927 | Zot:5    | Reached XP level 27. HP: 197/197 MP: 35/35
101065 | Zot:4    | Lost mutation: Your muscles are strong. (Str +2) [mutagenic
                  | glow]
101176 | Zot:4    | Gained mutation: Your spells are a little harder to cast,
                  | but a little more powerful. [mutagenic glow]
101375 | Zot:5    | Noticed an ancient lich
101411 | Zot:5    | Noticed an orb of fire
101412 | Zot:5    | Noticed an ancient lich
101412 | Zot:5    | Noticed an orb of fire
101583 | Zot:4    | Gained mutation: Scrolls take you a little longer to read.
                  | [an orb of fire]
101588 | Zot:4    | Gained mutation: You expend magic power (3 MP) to
                  | strengthen your wands. [an orb of fire]
101589 | Zot:4    | Killed an orb of fire
101752 | Zot:5    | Noticed an orb of fire
101752 | Zot:5    | Gained mutation: You tend to lose your temper in combat.
                  | [an orb of fire]
101765 | Zot:4    | Killed an orb of fire
101765 | Zot:4    | Reached skill level 20 in Unarmed Combat
102058 | Zot:5    | Noticed an orb of fire
102067 | Zot:4    | Killed an ancient lich
102073 | Zot:4    | Gained mutation: You often lose your temper in combat. [an
                  | orb of fire]
102075 | Zot:4    | Lost mutation: You often lose your temper in combat. [an
                  | orb of fire]
102076 | Zot:4    | Killed an orb of fire
102119 | Zot:4    | Killed an ancient lich
102131 | Zot:4    | Gained mutation: You are weak. (Str -2) [an orb of fire]
102132 | Zot:4    | Gained mutation: You are frail. (-10% HP) [an orb of fire]
102133 | Zot:4    | Killed an orb of fire
102292 | Zot:5    | Noticed an orb of fire
102300 | Zot:5    | Gained mutation: You are clumsy. (Dex -2) [an orb of fire]
102307 | Zot:5    | Gained mutation: You are very frail. (-20% HP) [an orb of
                  | fire]
102309 | Zot:5    | Killed an orb of fire
102474 | Zot:5    | Paralysed by the power of Zot for 3 turns
102480 | Zot:5    | Reached skill level 21 in Unarmed Combat
102480 | Zot:5    | Noticed an ancient lich
102527 | Zot:5    | Paralysed by the power of Zot for 4 turns
102599 | Zot:5    | Killed an ancient lich
102708 | Zot:5    | Received a gift from Nemelex Xobeh
103454 | Zot:5    | Got the Orb of Zot
103508 | Zot:3    | Gained mutation: You are extremely frail. (-30% HP) [a
                  | cacodemon]
103508 | Zot:3    | Lost mutation: Your spells are a little harder to cast, but
                  | a little more powerful. [a cacodemon]
103523 | Zot:2    | Lost mutation: Scrolls take you a little longer to read.
                  | [potion of mutation]
103523 | Zot:2    | Lost mutation: You are clumsy. (Dex -2) [potion of
                  | mutation]
103523 | Zot:2    | Lost mutation: You are weak. (Str -2) [potion of mutation]
103523 | Zot:2    | Gained mutation: You are agile. (Dex +2) [potion of
                  | mutation]
103523 | Zot:2    | Gained mutation: You have very sharp teeth. [potion of
                  | mutation]
103524 | Zot:2    | Lost mutation: You are agile. (Dex +2) [potion of mutation]
103524 | Zot:2    | Lost mutation: You tend to lose your temper in combat.
                  | [potion of mutation]
103524 | Zot:2    | Lost mutation: You are extremely frail. (-30% HP) [potion
                  | of mutation]
103524 | Zot:2    | Gained mutation: Your body sometimes deteriorates upon
                  | taking damage. [potion of mutation]
103524 | Zot:2    | Gained mutation: You are partially covered in molten
                  | scales. (AC +2) [potion of mutation]
103524 | Zot:2    | Gained mutation: You are somewhat resistant to further
                  | mutation. [potion of mutation]
103525 | Zot:2    | Lost mutation: You are very frail. (-20% HP) [potion of
                  | mutation]
103525 | Zot:2    | Lost mutation: You are somewhat resistant to further
                  | mutation. [potion of mutation]
103525 | Zot:2    | Lost mutation: You are frail. (-10% HP) [potion of
                  | mutation]
103525 | Zot:2    | Lost mutation: Your body sometimes deteriorates upon taking
                  | damage. [potion of mutation]
103525 | Zot:2    | Gained mutation: You evolve. [potion of mutation]
103525 | Zot:2    | Gained mutation: Your flesh is cold resistant. (rC+)
                  | [potion of mutation]
103875 | D:14     | Noticed an ancient lich
103877 | D:14     | Noticed Logit the pandemonium lord
103901 | D:14     | Killed Logit the pandemonium lord
103906 | D:14     | Killed an ancient lich
104079 | D:4      | Gained mutation: You are partially covered in thin metallic
                  | scales. (AC +2) [evolution]
104095 | D:4      | Noticed Bydoin the pandemonium lord
104103 | D:4      | Killed Bydoin the pandemonium lord
104156 | D:3      | Reached skill level 22 in Unarmed Combat
104222 | D:1      | gg
104223 | D:$      | Escaped with the Orb!

Levels and vault maps discovered:
D:1:      matt_arrival_grand_opening, layout_loops_ring
D:2:      layout_loops_cross, uniq_jessica
D:3:      layout_rooms, uniq_robin, uniq_terence, uniq_ijyb
D:4:      layout_basic, serial_shops, shop_fountains, first_ration,
          serial_curves, eino_curves_03, eino_curves_01
D:5:      layout_rooms, lemuel_altar_in_water2, uniq_crazy_yiuf_cottage
D:6:      layout_cave_pools, old_standard_altar, serial_glass, glass_columns_a,
          glass_columns_c, glass_columns_a, glass_columns_a, glass_columns_b,
          glass_columns_c, glass_columns_b, glass_columns_a, basic_altar,
          serial_shops, kennysheep_little_box, shop, shop
D:7:      layout_basic, minmay_temple_entry_stoned_glass, serial_shops, shop,
          roderic_lattice_a, uniq_joseph
D:8:      wad_pebble_path, layout_basic, kennysheep_mini_moat, grunt_pizzeria
D:9:      layout_basic, chequers_temple_overflow_minitemple, lair_entry_dummy,
          uniq_gastronok
D:10:     layout_roguey [special_room_orc], gammafunk_ghost_nasty_kobolds,
          special_room [special_room_bee], minmay_variable_closet, uniq_psyche,
          uniq_snorg
D:11:     layout_grid_maze, serial_shops, shop, shop, nicolae_shop_statue_plus
D:12:     layout_rooms, kennysheep_orc_monster_closet_entryway, basic_altar,
          special_room [special_room_orc]
D:13:     evilmike_library_of_no_secrets, layout_irregular_city, minmay_bent,
          uniq_josephine
D:14:     layout_irregular_city, hangedman_vaults_entry_quadrant_bands,
          serial_shops, shop, hangedman_decor_growths
D:15:     grunt_enter_depths_snipers, layout_basic, minmay_crystal_water,
          lemuel_statue_altar
Lair:1:   layout_gridlike, gauntlet_entry_generic,
          gammafunk_ghost_wrathful_warriors, grunt_forest_small_clearings,
          serial_bayou_lagoon_b, grunt_megastairs_2
Lair:2:   layout_hall_layers, minmay_swamp_entry_worms
Lair:3:   layout_roguey, spider_nest_entry_webs, gammafunk_ghost_grave,
          uniq_rupert
Lair:4:   layout_cave_shapes, grunt_megastairs_3, lemuel_fruit_fields, uniq_urug
Lair:5:   layout_roguey, minmay_slime_entry_pillars, ebering_ghost_inner_flame,
          bobbens_ice_dragon_lair, uniq_kirke
Lair:6:   evilmike_catoblepas_cave, layout_cave_pods
Swamp:1:  layout_basic_swamp, gammafunk_ghost_grave, hangedman_swamp_blocks,
          swamp_pool4, uniq_nikola
Swamp:2:  cheibrodos_swamp_heart_of_darkness, layout_falls_marsh, basic_altar,
          swamp_pool3, infiniplex_staircase_pool
Swamp:3:  layout_basic_swamp, portal_ice_cave_entry_pillars_three,
          evilmike_swamp_ruin_house_5
Swamp:4:  swamp_fiery, layout_basic_swamp, swamp_pool4
Spider:1: nicolae_spider_corner, hangedman_spider_tarantella_strand
Spider:2: layout_spider_delve
Spider:3: layout_spider_delve
Spider:4: guppyfry_spider_rune, drop_trap
Orc:1:    layout_caves, special_room [special_room_orc], uniq_jorgrun,
          uniq_erolcha
Orc:2:    st_orc_rangers, layout_diamond_mine, uniq_maurice, uniq_nessos
Elf:1:    eino_elf_arrival_sip, layout_onion_city, minmay_elf_demonology,
          small_statue_intersection, minivault_16, minmay_misc_feat_five
Elf:2:    layout_onion_city, serial_shops, shop, lemuel_flamethrower_2
Elf:3:    minmay_elf_hall_dome, layout_geoelf_castle, serial_shops,
          nicolae_shop_trees, uniq_mara
Vaults:1: st_eye, vaults_room_large_hall, v_misc_23, hangedman_vaults_stagger,
          v_misc_18, v_misc_28, v_alt_pattern_2, vaults_dpeg_hooks,
          grunt_vaults_hallway_short, v_misc_18,
          nicolae_vaults_little_squares_1, ontoclasm_vaults_idyll,
          layout_vaults_big_room, serial_shops, shop
Vaults:2: nicolae_vaults_little_squares_2, nicolae_vaults_angled_halls,
          ontoclasm_vaults_chip, nicolae_vaults_three_branches,
          vaults_dpeg_diagonal, hangedman_vaults_corner_blocks,
          nicolae_vaults_windows_and_doors_thing, nicolae_vaults_display_case,
          grunt_vaults_funnel, layout_vaults_quadrants, serial_shops,
          nicolae_shop_trees
Vaults:3: nicolae_vaults_stairing_the_circle, blue_anna_dwarven_crypt,
          grunt_vaults_diagonal, hangedman_vaults_trim, vaults_room_door_ring,
          nicolae_vaults_what_the_h, hangedman_vaults_slither,
          nicolae_vaults_puzzle_piece, nicolae_vaults_shelves_hall,
          grunt_tower_of_power, grunt_vaults_twisty,
          nicolae_vaults_little_squares_6, v_misc_14, v_misc_8, v_misc_13,
          layout_vaults_omnibox, enter_trove_3, serial_shops, shop
Vaults:4: ontoclasm_vaults_shuriken, dpeg_vaults_waves,
          nicolae_vaults_hallways_thing, hangedman_vaults_nodes,
          ontoclasm_vaults_gateway, v_misc_3, nicolae_vaults_circle_grid_a,
          ontoclasm_vaults_claustrophobia, ontoclasm_vaults_tryst,
          vaults_standard_mumra_x, nicolae_vaults_little_squares_1,
          nicolae_vaults_diagonal_hallway_7, layout_vaults_maze_snakey,
          uniq_donald
Depths:1: minmay_the_grid_square_5x5_3x3 [minmay_the_grid_square_5x5_hourglass,
          minmay_the_grid_square_5x5_doubleslash,
          minmay_the_grid_square_5x5_eight,
          minmay_the_grid_square_5x5_six_small,
          minmay_the_grid_square_5x5_megaprize_open,
          minmay_the_grid_square_5x5_shuriken,
          minmay_the_grid_square_5x5_tri_point,
          minmay_the_grid_square_5x5_shrine1,
          minmay_the_grid_square_5x5_checkered], layout_gridlike, hell_entry,
          minmay_room_of_horrors, minmay_misc_feat_tower,
          nemelex_diamond_rough_becter
Depths:2: kennysheep_blocky_hall, layout_long_grid, hell_entry,
          kennysheep_inner_square, uniq_saint_roka
Depths:3: cheibrodos_cascadia, layout_cave_shapes, serial_shops,
          nicolae_shop_behind_doors, pf_hell_entry_great_geh, pan_entry,
          old_standard_altar, minivault_16, minmay_misc_feat_roman,
          infiniplex_staircase_zigzag_5
Depths:4: hangedman_stitches_corridor, layout_basic, enter_ziggurat_c,
          hell_entry, abyss_entry, solitary_fountain, pan_entry,
          fake_guardian_serpent_vault, infiniplex_staircase_pillars_1
Depths:5: grunt_zot_entry_hairpin, layout_basic, hellmouth_3,
          ebering_dispersal_statue_hall, hangedman_decor_slide_cut,
          chequers_serial_rivers_room_a, uniq_frederick
Zot:1:    layout_cathedral_of_symmetry
Zot:2:    layout_cathedral_of_symmetry
Zot:3:    layout_gridlike, grunt_ministairs_8, bh_zot_levy_curve
Zot:4:    layout_misc_corridors
Zot:5:    layout_basic

Skill      XL: |  1  2  3  4  5  6  7  8  9 10 11 12 13 14 15 16 17 18 19 20 21 22 23 24 25 26 27 |
---------------+----------------------------------------------------------------------------------+-----
Fighting       | 1 2 3 4 6 9 10 11 13 15 16 17 18 19 | 19.8
Stealth        | 3 4 12 | 12.0
Spellcasting   | 3 5 6 8 |  8.0
Dodging        | 3 4 5 6 8 10 11 12 13 14 16 17 18 20 | 20.3
Summonings     | 5 6 7 10 | 10.9
Air Magic      | 1 |  1.0
Evocations     | 1 5 |  5.0
Invocations    | 1 3 5 8 10 11 | 11.0
Polearms       | 4 |  4.5
Slings         | 6 9 12 13 14 | 14.0
Hexes          | 3 |  3.0
Earth Magic    | 1 4 7 9 10 13 14 | 14.0
Transmutations | 1 5 8 9 |  9.4
Shields        | 6 10 15 17 18 | 18.0
Conjurations   | 1 2 |  2.0
Unarmed Combat | 9 11 14 16 17 19 22 | 22.0
Necromancy     | 4 5 |  5.0
Translocations | 3 |  3.0

Action                   |  1- 3 |  4- 6 |  7- 9 | 10-12 | 13-15 | 16-18 | 19-21 | 22-24 | 25-27 || total
-------------------------+-------+-------+-------+-------+-------+-------+-------+-------+-------++-------
Melee: Dagger            |     4 |    43 |   181 |    26 |       |       |       |       |       ||   254
       Short sword       |     2 |    10 |       |       |       |       |       |       |       ||    12
       Tentacles         |     2 |     8 |    37 |    58 |   152 |   117 |   273 |     2 |   265 ||   914
       Constrict         |     1 |     8 |    29 |    40 |    96 |    81 |   147 |       |   100 ||   502
       Halberd           |       |       |     9 |       |       |       |       |       |       ||     9
       Trident           |       |       |       |   298 |   830 |   454 |  1023 |     6 |       ||  2611
       Kick              |       |       |       |       |    18 |   177 |   450 |     3 |    96 ||   744
       Fustibalus        |       |       |       |       |       |     2 |       |       |       ||     2
       Unarmed           |       |       |       |       |       |       |    49 |       |   870 ||   919
       Punch             |       |       |       |       |       |       |    13 |     1 |   193 ||   207
       Bite              |       |       |       |       |       |       |       |       |    19 ||    19
 Fire: Hunting sling     |       |     5 |    13 |       |       |       |       |       |       ||    18
       Shortbow          |       |       |    19 |       |       |       |       |       |       ||    19
       Fustibalus        |       |       |       |     6 |   651 |  1672 |   543 |  1610 |   336 ||  4818
Throw: Dart              |     2 |     4 |    24 |     6 |     4 |       |       |       |       ||    40
 Cast: Summon Small Mamm |    10 |       |       |       |       |       |       |       |       ||    10
       Call Imp          |    15 |    12 |    16 |       |       |       |       |       |       ||    43
       Call Canine Famil |     5 |    25 |    54 |     7 |       |       |       |       |       ||    91
       Summon Lightning  |       |       |    16 |    96 |   186 |     7 |    30 |    11 |    10 ||   356
       Summon Ice Beast  |       |       |       |    84 |    70 |       |     3 |       |       ||   157
       Confusing Touch   |       |       |       |       |    12 |     2 |       |       |       ||    14
       Statue Form       |       |       |       |       |       |    32 |    66 |    46 |    83 ||   227
       Irradiate         |       |       |       |       |       |       |    17 |    52 |    16 ||    85
       Portal Projectile |       |       |       |       |       |       |     8 |    14 |     6 ||    28
       Borgnjor's Vile C |       |       |       |       |       |       |     2 |    74 |    22 ||    98
       Lee's Rapid Decon |       |       |       |       |       |       |       |    20 |     3 ||    23
Invok: Triple Draw       |       |       |       |       |     2 |       |     2 |     1 |       ||     5
       Deal Four         |       |       |       |       |     1 |       |       |       |       ||     1
 Abil: Draw Destruction  |       |       |       |     4 |     8 |     5 |     2 |     2 |     1 ||    22
       Draw Summoning    |       |       |       |     1 |     4 |     5 |     8 |       |       ||    18
       Draw Escape       |       |       |       |     1 |     1 |       |       |       |       ||     2
       End Transformatio |       |       |       |       |       |       |       |       |    14 ||    14
Evoke: Wand              |       |     1 |     2 |    14 |    21 |    27 |     2 |     1 |     1 ||    69
       Lamp of fire      |       |       |       |       |     3 |     4 |     2 |     2 |     2 ||    13
  Use: Scroll            |       |     5 |     8 |    11 |    13 |     9 |    17 |     7 |    18 ||    88
       Potion            |       |     4 |     2 |     4 |     2 |     6 |     7 |     5 |    11 ||    41
 Stab: Distracted        |     1 |       |     2 |    11 |    16 |     2 |     9 |       |     3 ||    44
       Sleeping          |       |     1 |     2 |     9 |    14 |     2 |     6 |       |    11 ||    45
       Paralysed         |       |       |       |     2 |       |       |       |       |       ||     2
       Confused          |       |       |       |       |    12 |     1 |       |       |       ||    13
  Eat: Chunk             |     3 |     6 |    25 |    51 |    67 |    43 |    56 |    50 |    31 ||   332
       Ration            |       |     2 |     1 |     7 |    15 |     8 |     5 |     9 |    13 ||    60
Armor: Skin              |       |    13 |    29 |     8 |    47 |   538 |   379 |   200 |   241 ||  1455
Dodge: Dodged            |     8 |    68 |   139 |   181 |   724 |  1675 |   990 |   649 |   888 ||  5322
Block: Buckler           |       |       |       |       |       |   212 |   608 |       |       ||   820
       Reflection        |       |       |       |       |       |       |    81 |    90 |    14 ||   185
       Large shield      |       |       |       |       |       |       |   194 |  1298 |  1507 ||  2999

Table legend:
 A = Non-vault XP
 B = Vault XP
 C = Vault XP percentage of total XP
 D = Non-vault monster count
 E = Vault monster count
 F = Vault count percentage of total count
                 A         B        C        D         E       F
            +---------+---------+-------+---------+---------+-------
      Total |  827374 |  617596 |  42.7 |    1546 |     774 |  33.4
            +---------+---------+-------+---------+---------+-------
        D:1 |      20 |       0 |   0.0 |      15 |       0 |   0.0
        D:2 |      26 |      46 |  63.9 |      12 |       8 |  40.0
        D:3 |      28 |      68 |  70.8 |      12 |       8 |  40.0
        D:4 |     179 |       0 |   0.0 |       7 |       0 |   0.0
        D:5 |     562 |       0 |   0.0 |      17 |       0 |   0.0
        D:6 |     979 |       0 |   0.0 |      25 |       0 |   0.0
        D:7 |    1045 |     336 |  24.3 |      25 |       1 |   3.8
        D:8 |     442 |      89 |  16.8 |      12 |       1 |   7.7
        D:9 |    1340 |    1797 |  57.3 |      23 |       1 |   4.2
       D:10 |    2383 |    3633 |  60.4 |      29 |      60 |  67.4
       D:11 |    7529 |     456 |   5.7 |      54 |       3 |   5.3
       D:12 |    3099 |    3323 |  51.7 |      28 |      44 |  61.1
       D:13 |    4962 |   12820 |  72.1 |      23 |      35 |  60.3
       D:14 |   12518 |    5267 |  29.6 |      43 |      17 |  28.3
       D:15 |    7320 |    4309 |  37.1 |      16 |       4 |  20.0
     Lair:1 |    2357 |      43 |   1.8 |      13 |       1 |   7.1
     Lair:2 |    5880 |     508 |   8.0 |      28 |       3 |   9.7
     Lair:3 |    2199 |    2742 |  55.5 |      14 |       4 |  22.2
     Lair:4 |    4691 |    1105 |  19.1 |      20 |       5 |  20.0
     Lair:5 |    5819 |    4014 |  40.8 |      33 |      17 |  34.0
     Lair:6 |    6290 |    5732 |  47.7 |      20 |      15 |  42.9
    Swamp:1 |   14458 |    2651 |  15.5 |      40 |       1 |   2.4
    Swamp:2 |   11390 |    4874 |  30.0 |      26 |       8 |  23.5
    Swamp:3 |   11831 |       0 |   0.0 |      27 |       0 |   0.0
    Swamp:4 |    9768 |   15015 |  60.6 |      34 |      23 |  40.4
   Spider:1 |   10595 |   12614 |  54.3 |      33 |      34 |  50.7
   Spider:2 |    9205 |       0 |   0.0 |      28 |       0 |   0.0
   Spider:3 |   16849 |       0 |   0.0 |      49 |       0 |   0.0
   Spider:4 |   10156 |   24521 |  70.7 |      28 |      38 |  57.6
      Orc:1 |    3587 |    3917 |  52.2 |      19 |      27 |  58.7
      Orc:2 |    4555 |    7295 |  61.6 |      33 |      39 |  54.2
      Elf:1 |   20935 |    8443 |  28.7 |      29 |      14 |  32.6
      Elf:2 |   12602 |    3274 |  20.6 |      22 |       5 |  18.5
      Elf:3 |   14542 |   44743 |  75.5 |      25 |      25 |  50.0
   Vaults:1 |   40196 |   33991 |  45.8 |      78 |      50 |  39.1
   Vaults:2 |   12178 |   16346 |  57.3 |      17 |      25 |  59.5
   Vaults:3 |   21648 |   32403 |  59.9 |      34 |      38 |  52.8
   Vaults:4 |   24710 |   27515 |  52.7 |      44 |      20 |  31.2
   Depths:1 |   46485 |   24856 |  34.8 |      52 |      32 |  38.1
   Depths:2 |   58205 |   16029 |  21.6 |      71 |      17 |  19.3
   Depths:3 |   20829 |   29277 |  58.4 |      25 |      25 |  50.0
   Depths:4 |   51589 |   40205 |  43.8 |      58 |      23 |  28.4
   Depths:5 |   42595 |   29409 |  40.8 |      43 |      31 |  41.9
      Zot:1 |   57501 |       0 |   0.0 |      35 |       0 |   0.0
      Zot:2 |   71124 |       0 |   0.0 |      45 |       0 |   0.0
      Zot:3 |   24706 |    4083 |  14.2 |      13 |       2 |  13.3
      Zot:4 |   27447 |   75149 |  73.2 |      18 |      15 |  45.5
      Zot:5 |   43151 |   90810 |  67.8 |      26 |      28 |  51.9
    Abyss:1 |    5671 |       0 |   0.0 |      17 |       0 |   0.0
    Abyss:2 |   31644 |    2184 |   6.5 |      48 |       2 |   4.0
    Abyss:3 |   27554 |   19750 |  41.8 |      60 |      14 |  18.9
      IceCv |       0 |      60 | 100.0 |       0 |       4 | 100.0
   Gauntlet |       0 |    1894 | 100.0 |       0 |       7 | 100.0
            +---------+---------+-------+---------+---------+-------
